 Dungeon Crawl Stone Soup version 0.31-a0-164-g2312942fda (webtiles) character file.

Game seed: 906401511288929310

37 Moral the Vexing (level 3, 0/20 HPs)
             Began as a Deep Elf Hexslinger on June 14, 2023.
             Succumbed to an adder's poison
             ... on level 3 of the Dungeon.
             The game lasted 00:08:16 (2299 turns).

Moral the Vexing (Deep Elf Hexslinger)              Turns: 2299, Time: 00:08:17

Health: 0/20       AC:  2    Str:  5    XL:     3   Next: 21%
Magic:  2/8        EV: 13    Int: 19    God:
Gold:   99         SH:  0    Dex: 17    Spells: 2/6 levels left

rFire   . . .        a - +1 sling
rCold   + + .        (no shield)
rNeg    . . .        c - +0 robe
rPois   +            (no helmet)
rElec   +            (no cloak)
rCorr   +            (no gloves)
SInv    .            (no boots)
Will    .....        (no amulet)
Stlth   ++           h - ring of ice
HPRegen 0.23/turn    (no ring)
MPRegen 0.11/turn

%: no passive effects
@: lethally poisoned (0 -> -2), resistant, very slightly contaminated
A: no striking features
a: no special abilities


You were on level 3 of the Dungeon.
You visited 1 branch of the dungeon, and saw 3 of its levels.

You collected 99 gold pieces.

Inventory:

Hand Weapons
 a - a +1 sling (weapon)
Armour
 c - a +0 robe (worn)
Jewellery
 h - a ring of ice (left hand)
Scrolls
 b - a scroll of poison
 e - 4 scrolls of identify {unknown}
 f - a scroll of teleportation
 i - a scroll of blinking
 l - a scroll of vulnerability {unknown}
 m - a scroll of fog {unknown}
 n - 2 scrolls of brand weapon {unknown}
Potions
 g - a potion of berserk rage {unknown}
 k - a potion of cancellation {unknown}
 o - a potion of curing {unknown}


   Skills:
 + Level 1.0 Fighting
 * Level 3.2 Ranged Weapons
 + Level 2.8 Dodging
 + Level 0.8 Stealth
 * Level 2.2 Spellcasting
 * Level 4.5 Hexes


You had 2 spell levels left.
You knew the following spells:

 Your Spells              Type           Power      Damage    Failure   Level
a - Slow                  Hex            76%        N/A       2%          1
b - Inner Flame           Hex/Fire       10%        N/A       19%         3

Your spell library contained the following spells:

 Spells                   Type           Power      Damage    Failure   Level
 Portal Projectile        Hex/Tloc       20%        N/A       19%         3
 Cause Fear               Hex            9%         N/A       26%         4
 Ozocubu's Armour         Ice            3%         N/A       45%         3
 Metabolic Englaciation   Hex/Ice        8%         N/A       87%         5
 Simulacrum               Ice/Necr       1%         N/A       100%        6


Dungeon Overview and Level Annotations

Branches:
Dungeon (3/15)

Altars:

Shops:
D:2 *


Message History

You miscast Slow.
You are very lightly contaminated with residual magic.
Nothing appears to happen.
You feel sick.
You are no longer poisoned.
The adder bites you.
You are poisoned.
The adder poisons you!
Casting: Slow (safe; 2% risk of failure)
Confirm with . or Enter, or press ? or * to list all spells.
Aiming: Slow (safe; 2% risk of failure)
Press: ? - help, Shift-Dir - straight line, f/p - adder
Aim: an adder (lightly wounded, chance to affect: 61%)
The adder resists with significant effort.
* * * LOW HITPOINT WARNING * * *
You feel sick. The adder barely misses you. The adder attacks as you move away!
The adder bites you but does no damage.
* * * LOW HITPOINT WARNING * * *
You feel sick. The adder bites you.
* * * LOW HITPOINT WARNING * * *
As you read the scroll labelled NUASTR NIGGEFA, it crumbles to dust.
The creatures around you are filled with an inner flame!
It was a scroll of immolation.
* * * LOW HITPOINT WARNING * * *
You feel sick. The adder barely misses you.
Okay, then.
Okay, then.
As you read the scroll labelled RECVUTIELU, it crumbles to dust.
You feel strangely unstable.
It was a scroll of teleportation.
* * * LOW HITPOINT WARNING * * *
You feel sick. The adder closely misses you.
Blink to where?
Press: ? - help, Dir - move target, p - adder
As you read the scroll labelled UDARIG FORISO, it crumbles to dust.
It was a scroll of blinking.
* * * LOW HITPOINT WARNING * * *
You feel sick.
It was a potion of resistance.
You feel protected.
Your surroundings suddenly seem different.
You die...

#.. #.# ..
## ## .#
.### # ...
#. #.###.#
#. #...@.#
#. ###.###
#. ... ##.
#### ###..
#######....
...# ###
........#..
#..# ..#.#
##########.
#..# #.#.#
#. #..#
#>#.#
#######.


There were no monsters in sight!

Vanquished Creatures
  2 worms
  2 bats (D:1)
  3 endoplasms
  2 giant cockroaches (D:1)
  A goblin (D:1)
  6 hobgoblins
  2 quokkas
  2 ball pythons (D:1)
  5 kobolds
  3 rats
28 creatures vanquished.

Notes
Turn   | Place    | Note
-------+----------+-------------------------------------------
     0 | D:1      | Moral the Deep Elf Hexslinger began the quest for the Orb.
     0 | D:1      | Reached XP level 1. HP: 11/11 MP: 5/5
   359 | D:1      | Reached XP level 2. HP: 16/16 MP: 6/6
   615 | D:1      | Reached skill level 1 in Fighting
  1209 | D:2      | Reached XP level 3. HP: 20/20 MP: 8/8
  1216 | D:2      | Learned a level 3 spell: Inner Flame
  1227 | D:2      | Found Yharu's General Store.
  1277 | D:2      | Found a faded altar of an unknown god.
  2298 | D:3      | HP: 1/20 [poisoned by an adder]
  2299 | D:3      | Succumbed to an adder's poison

Illustrated notes

Levels and vault maps discovered:
D:1:      saegor_arrival_miasma, layout_basic, skrybe_limestone_x
D:2:      layout_basic, serial_shops, nicolae_lakefront_shop,
          basic_ecumenical_altar
D:3:      layout_loops_ring

Skill      XL: |  1  2 |
---------------+-------+-----
Ranged Weapons | 3 |  3.2
Spellcasting   | 2 |  2.2
Fighting       | 1 |  1.0
Dodging        | |  2.8
Stealth        | |  0.8
Hexes          | |  4.5

Action                     || total
---------------------------++-------
   Fire: Sling             ||    79
   Cast: Slow              ||    10
         Inner Flame       ||     4
    Use: Scroll            ||     3
         Potion            ||     1
 Armour: Robe              ||     4
  Dodge: Dodged            ||    21

Table legend: (Time is in decaauts)
 A = Elapsed time spent in this place.
 B = Non-inter-level travel time spent in this place.
 C = Inter-level travel time spent in this place.
 D = Time resting spent in this place.
 E = Time spent auto-exploring this place.
 F = Levels seen in this place.
 G = Mean time per level.
                   A        B        C        D        E       F      G
               +--------+--------+--------+--------+--------+-----+--------+
         Total |   2317 |   2019 |    298 |    282 |   1482 |   3 |  772.3 |
       Dungeon |   2317 |   2019 |    298 |    282 |   1482 |   3 |  772.3 |
               +--------+--------+--------+--------+--------+-----+--------+

Top non-repeatable levels by time:
     D:1: 950 daAuts
     D:2: 863 daAuts
     D:3: 503 daAuts
